 Dungeon Crawl Stone Soup version 0.29-a0-334-gb41bcbb86e (webtiles) character file.

Game seed: 11879819444414926887

132 zishaf the Sneak (level 5, -1/28 HPs)
             Began as a Vine Stalker Brigand on Apr 16, 2022.
             Slain by an iguana (6 damage)
             ... on level 3 of the Dungeon.
             The game lasted 00:05:19 (2411 turns).

zishaf the Sneak (Vine Stalker Brigand)             Turns: 2411, Time: 00:05:19

Health: -1/28      AC:  7    Str: 14    XL:     5   Next: 15%
Magic:  0/6        EV: 10    Int: 11    God:
Gold:   174        SH:  4    Dex: 17    Spells: 4/4 levels left

rFire   . . .      SeeInvis .   a - +2 dagger
rCold   . . .      Faith    .   o - +0 buckler
rNeg    + . .      Spirit   +   m - +0 ring mail
rPois   .          Reflect  .   (no helmet)
rElec   .          Harm     .   c - +0 cloak
rCorr   .          Rampage  .   (no gloves)
Will    .....                   g - +0 pair of boots
Stlth   +++.......              l - amulet of regeneration
HPRegen 1.69/turn               p - ring of positive energy
MPRegen 0.10/turn               (no ring)

@: lethally poisoned (-1 -> -1), hasted, very quick
A: fangs 2, regeneration 1, magic shield, antimagic bite, no potion heal 2
a: no special abilities


You were on level 3 of the Dungeon.
You visited 1 branch of the dungeon, and saw 4 of its levels.

You collected 174 gold pieces.

Inventory:

Hand Weapons
 a - a +2 dagger (weapon)
Missiles
 d - 9 poisoned darts (quivered)
 e - 3 curare-tipped darts
Armour
 b - a +0 robe
 c - a +0 cloak (worn)
 g - a +0 pair of boots (worn)
 m - a +0 ring mail (worn)
 o - a +0 buckler (worn)
Jewellery
 l - an amulet of regeneration (around neck)
 p - a ring of positive energy (left hand)
 r - a ring of ice
Scrolls
 h - a scroll of teleportation {unknown}
 k - 2 scrolls of magic mapping {unknown}
 n - a scroll of silence {unknown}
 q - 2 scrolls of identify {unknown}
 t - a scroll of amnesia {unknown}
Potions
 f - a potion of haste
 i - a potion of attraction {unknown}
 j - a potion of might {unknown}
 s - a potion of ambrosia {unknown}


   Skills:
 + Level 2.9 Fighting
 + Level 2.9 Short Blades
 - Level 1.7 Throwing
 - Level 1.0 Dodging
 + Level 5.9 Stealth
 + Level 0.8 Shields


You had 4 spell levels left.
You didn't know any spells.
Your spell library contained the following spells:

 Spells                   Type           Power      Damage    Failure   Level
 Sting                    Tmut/Pois      0%         1d3       69%         1
 Blink                    Tloc           0%         N/A       83%         2
 Poisonous Vapours        Pois/Air       0%         N/A       83%         2
 Lesser Beckoning         Tloc           0%         N/A       96%         3
 Olgreb's Toxic Radiance  Pois           0%         N/A       100%        4
 Manifold Assault         Tloc           0%         N/A       100%        5


Dungeon Overview and Level Annotations

Branches:
Dungeon (4/15)
 Temple: D:4-7

Altars:


Innate Abilities, Weirdness & Mutations

You have extremely sharp teeth.
Your natural rate of healing is unusually fast.
When hurt, damage is shared between your health and your magic reserves.
Your bite disrupts and absorbs the magic of your enemies.
Potions cannot restore your health.


Message History

The adder misses you. The adder barely misses you.
You hit the adder. Your bite misses the adder.
The adder is heavily wounded.
The adder bites you but does no damage.
You closely miss the adder.
The adder is heavily wounded.
The adder bites you but does no damage.
You hit the adder but do no damage. Your bite misses the adder.
The adder is heavily wounded.
The adder closely misses you.
You hit the adder. Your bite misses the adder.
The adder is severely wounded.
The adder bites you but does no damage.
You hit the adder.
You kill the adder!
Things that are here:
a +0 mace; an adder corpse
There is a stone staircase leading down here.
You climb downwards.
The orc wizard gestures wildly while chanting.
The orc wizard flickers and vanishes!
Deactivating autopickup; reactivate with Ctrl-A.
The orc wizard gestures at you while chanting.
The puff of flame hits you! The iguana barely misses you.
The scorpion barely misses you.
The iguana hisses menacingly.
The iguana bites you.
There is a stone staircase leading up here.
The scorpion stings you. The iguana bites you! The scorpion stings you.
* * * LOW HITPOINT WARNING * * *
You are poisoned.
The scorpion poisons you!
You climb upwards.
Reactivating autopickup.
You feel very sick.
There is a stone staircase leading down here.
It was a potion of haste.
You feel yourself speed up.
You feel sick.
The iguana hisses menacingly.
The iguana closely misses you. The scorpion barely misses you.
You feel sick. The iguana bites you!
You die...

≈≈≈≈≈≈≈≈≈≈≈≈≈≈≈≈...##
#≈≈≈≈≈≈≈≈≈≈≈≈≈...###
#...≈≈≈≈≈≈≈.....÷###
#.#................#
#.###..##.#......#.#
.......##.#......#.####
.....#.##.+......#....#
..)..#+##)#....l.#.####
.)............s>@..#
.(.##.....#...####.#
...##.........# #.#
.....##....#### #.#
.....##....#######.#
.....#...........#.#
.................#.#
.................#)#
####....#.....<..'.#


You could see a scorpion and an iguana.

Vanquished Creatures
  Crazy Yiuf (D:3)
  3 adders
  3 gnolls (D:2)
  3 worms
  2 orcs
  3 endoplasms
  4 giant cockroaches
  3 goblins
  2 hobgoblins
  5 kobolds
  A quokka (D:3)
  5 ball pythons
  A bat (D:1)
  A frilled lizard (D:1)
  5 rats
42 creatures vanquished.

Notes
Turn   | Place    | Note
-------+----------+-------------------------------------------
     0 | D:1      | zishaf the Vine Stalker Brigand began the quest for the
                  | Orb.
     0 | D:1      | Reached XP level 1. HP: 11/11 MP: 2/2
   212 | D:1      | Reached skill level 1 in Dodging
   231 | D:1      | Reached skill level 5 in Stealth
   235 | D:1      | Reached XP level 2. HP: 15/15 MP: 3/3
  1193 | D:2      | Reached XP level 3. HP: 18/18 MP: 4/4
  1452 | D:2      | Gained mutation: Your natural rate of healing is unusually
                  | fast. [Vine Stalker growth]
  1452 | D:2      | Reached XP level 4. HP: 23/23 MP: 5/5
  1940 | D:3      | Found a faded altar of an unknown god.
  2254 | D:3      | Found a runed translucent door.
  2255 | D:3      | Noticed Crazy Yiuf
  2286 | D:3      | Killed Crazy Yiuf
  2287 | D:3      | Reached XP level 5. HP: 28/28 MP: 6/6
  2411 | D:3      | Slain by an iguana

Illustrated notes

Levels and vault maps discovered:
D:1:      scummos_arrival_gate, layout_basic
D:2:      layout_rooms
D:3:      wander_river, layout_basic, hellmonk_ecumenical_altar_crossroads,
          nrook_campfire, uniq_crazy_yiuf_cottage
D:4:      layout_cave_pods, uniq_sigmund, uniq_robin

Skill      XL: |  1  2 |
---------------+-------+-----
Dodging        | 1 |  1.0
Stealth        | 5 |  5.9
Fighting       | 2 |  2.9
Short Blades   | 2 |  2.9
Throwing       | |  1.7
Shields        | |  0.8

Action                   |  1- 3 |  4- 6 || total
-------------------------+-------+-------++-------
Melee: Dagger            |    45 |    57 ||   102
       Bite              |    11 |    11 ||    22
Throw: Dart              |       |     9 ||     9
  Use: Potion            |       |     1 ||     1
 Stab: Sleeping          |    12 |     4 ||    16
Armor: Ring mail         |     3 |    22 ||    25
Dodge: Dodged            |    13 |    37 ||    50
Block: Buckler           |       |    10 ||    10

Table legend: (Time is in decaauts)
 A = Elapsed time spent in this place.
 B = Non-inter-level travel time spent in this place.
 C = Inter-level travel time spent in this place.
 D = Time resting spent in this place.
 E = Time spent auto-exploring this place.
 F = Levels seen in this place.
 G = Mean time per level.
                   A        B        C        D        E       F      G
               +--------+--------+--------+--------+--------+-----+--------+
         Total |   2402 |   2328 |     74 |      6 |   1838 |   4 |  600.5 |
       Dungeon |   2402 |   2328 |     74 |      6 |   1838 |   4 |  600.5 |
               +--------+--------+--------+--------+--------+-----+--------+

Top non-repeatable levels by time:
     D:1: 1090 daAuts
     D:3: 733 daAuts
     D:2: 553 daAuts
     D:4: 24 daAuts
